 Dungeon Crawl Stone Soup version 0.19-a0-1626-g5215c36 (webtiles) character file.

28 jbasstz the Shield-Bearer (level 3, 0/24 HPs)
             Began as a Gargoyle Fighter on Sept 18, 2016.
             Slain by a giant cockroach (2 damage)
             ... on level 3 of the Dungeon.
             The game lasted 00:09:11 (1303 turns).

jbasstz the Shield-Bearer (Gargoyle Fighter)        Turns: 1303, Time: 00:09:12

Health: 0/24       AC: 12    Str: 20    XL:     3   Next: 14%
Magic:  3/3        EV:  5    Int:  8    God:
Gold:   45         SH:  9    Dex:  9    Spells: 0 memorised, 2 levels left

rFire  . . .     SeeInvis .     k - +0 mace
rCold  . . .     Gourm    .     i - +0 chain mail
rNeg   + . .     Faith    .     c - +0 shield
rPois  ∞         Spirit   .     (no helmet)
rElec  +         Dismiss  .     (no cloak)
rCorr  .         Reflect  .     (no gloves)
MR     .....     Harm     .     (no boots)
Stlth  ..........               (no amulet)
                                (no ring)
                                (no ring)

@: no status effects
A: negative energy resistance 1, electricity resistance, unbreathing,
petrification resistance, rot immunity, AC +3
a: no special abilities


You were on level 3 of the Dungeon.
You were not hungry.

You visited 1 branch of the dungeon, and saw 3 of its levels.

You collected 45 gold pieces.

Inventory:

Hand Weapons
 a - a +0 flail
 k - a +0 mace (weapon)
Missiles
 n - a throwing net (quivered)
Armour
 b - a +0 scale mail
 c - a +0 shield (worn)
 i - a +0 chain mail (worn)
Scrolls
 e - a scroll of remove curse {unknown}
 g - a scroll of random uselessness {unknown}
 h - a scroll of immolation {unknown}
 j - 2 scrolls of identify {unknown}
Potions
 d - 2 potions of might
Comestibles
 f - 2 bread rations
 m - a royal jelly


   Skills:
 + Level 3.7 Fighting
 + Level 2.2 Maces & Flails
 + Level 3.5 Armour
 + Level 3.8 Shields


You had 2 spell levels left.
You didn't know any spells.

Dungeon Overview and Level Annotations

Branches:
Dungeon (3/15)

Altars:
Fedhas

Annotations:
D:3 Natasha


Innate Abilities, Weirdness & Mutations

You are resistant to torment.
Your stone body is resilient. (AC +3)
You are immune to poison.
You resist negative energy. (rN+)
You are resistant to electric shocks. (rElec)
You can survive without breathing.
You are immune to petrification.
You are immune to rotting.


Message History

The shadow imp hits you but does no damage.
You climb downwards.
The shadow imp disappears in a puff of smoke!
A rat and a giant cockroach come into view.
There is a stone staircase leading up here.
Natasha stares at you and mumbles some strange words.
You resist with significant effort.
The giant cockroach waves its antennae.
Found a scale mail.
Natasha mumbles some strange words.
Found 9 gold pieces.
Found a scroll labeled DAPYUT VUROL.
The giant cockroach bites you but does no damage.
The giant cockroach barely misses you. You block the orc's attack.
The orc priest shouts!
The rat twitches its whiskers.
The orc priest shouts!
The giant cockroach bites you.
You die...

#.#.(# #.# #.#..#
#.##$#### #.....
........# #...o#
#.#...#.# # #....#
#..#.#..# ##.#....#
#.##.##.###### ........#
#.#...........
>.......###.rh.......[.#
......?@so.5..##..#..#.
.....#######....#....#
... #<.###..### #
#.####....# #..r...#..#
#.####.##...# #.#
#....... #.# #####.#.
..# .#.


You could see an orc priest, Natasha, a shadow imp, an orc, a giant cockroach
and a rat.

Vanquished Creatures
  A dart slug (D:1)
  2 leopard geckos (D:1)
  2 bats (D:1)
  A giant cockroach (D:1)
  5 goblins (D:1)
  A hobgoblin (D:1)
  3 jackals (D:1)
  A ball python (D:1)
  2 kobolds (D:1)
  4 rats (D:1)
22 creatures vanquished.

Notes
Turn   | Place    | Note
-------+----------+-------------------------------------------
     0 | D:1      | jbasstz the Gargoyle Fighter began the quest for the Orb.
     0 | D:1      | Reached XP level 1. HP: 14/14 MP: 1/1
   311 | D:1      | Reached XP level 2. HP: 7/19 MP: 2/2
   834 | D:1      | Reached XP level 3. HP: 24/24 MP: 3/3
  1249 | D:2      | Found a blossoming altar of Fedhas.
  1249 | D:2      | Noticed Natasha
  1283 | D:2      | HP: 1/24 [Natasha/magic dart (8)]
  1303 | D:3      | Slain by a giant cockroach

Vault maps used:
D:1:      onia_arrival_pentagram
D:2:      lemuel_doored_altar, first_bread, hex_tiny, fedhas_altar_2,
          uniq_natasha, uniq_iyjb
D:3:      uniq_terence, uniq_jessica, uniq_robin

Action                   || total
-------------------------++-------
Melee: Flail             ||    34
       Mace              ||    60
Throw: Throwing net      ||     1
  Eat: Chunk             ||     1
Armor: Chain mail        ||    81
       Scale mail        ||     1
Dodge: Dodged            ||    29
Block: Shield            ||    63
